 Dungeon Crawl Stone Soup version 0.31-a0-1603-gbec6b6ccbf (webtiles) character file.

Game seed: 16937081076018465166

102443 bobo the Warrior (level 15, -2/185 HPs)
             Began as an Oni Gladiator on Jan 7, 2024.
             Was a High Priest of Jiyva.
             Shot with an arrow by a naga sharpshooter (5 damage)
             ... on level 2 of the Snake Pit.
             The game lasted 01:20:36 (18426 turns).

bobo the Warrior (Oni Gladiator)                   Turns: 18426, Time: 01:20:36

Health: -2/185     AC: 20    Str: 35    XL:     15   Next: 63%
Magic:  19/19      EV: 12    Int: 16    God:    Jiyva [*****.]
Gold:   1036       SH:  0    Dex: 15    Spells: 15/20 levels left

rFire   x . .        B - +1 giant spiked club (protect)
rCold   + + +        (shield currently unavailable)
rNeg    . . .        I - +0 ice dragon scales
rPois   +            c - +0 hat
rElec   +            J - +1 cloak of Hangman {rPois Int+2}
rCorr   +            (gloves unavailable)
SInv    .            (boots unavailable)
Will    ++...        L - amulet "Uled" {RegenMP Regen+ Dex+2} Stlth
                     j - +6 ring of strength
HPRegen 2.74/turn    a - ring of Lydocr Doubb {Fly rElec rC+ Int+5}
MPRegen 1.28/turn

%: no passive effects
@: lethally poisoned (-2 -> -3), under a protective aura, calling ooze, flying,
hasted and slowed, studying Dodging
A: large, unfitting armour, horns 1, tough skin 1, double potion healing,
drunken brawling, fangs 1, hooves 1, agile 1, strong-willed 1, strong 1,
gelatinous body 3, pseudopods 3, MP-powered wands
}: 1/15 runes: slimy
a: Renounce Religion, Oozemancy, Slimify


You were on level 2 of the Snake Pit.
You worshipped Jiyva.
Jiyva was extremely pleased with you.
You visited 6 branches of the dungeon, and saw 29 of its levels.
You also visited: Gauntlet and Ice Cave.

You collected 1036 gold pieces.

Inventory:

Hand Weapons
 g - a +0 giant spiked club
 B - a +1 giant spiked club of protection (weapon)
 M - the +8 demon blade "Leech" {evervamp, Harm ^Drain rN+}
   (You found it on level 2 of the Lair of Beasts)

   rN+:       It protects you from negative energy.
   ^Drain:    It drains your maximum health when unequipped.
   Harm:      It increases damage dealt and taken.
Missiles
 h - 4 silver javelins
 u - a poisoned dart
 O - 8 boomerangs (quivered)
 P - 3 curare-tipped darts
 R - 6 large rocks
Armour
 c - a +0 hat (worn)
 I - +0 ice dragon scales (worn)
 J - the +1 cloak of Hangman (worn) {rPois Int+2}
   (You found it in a Gauntlet)

   Int+2:     It affects your intelligence (+2).
   rPois:     It protects you from poison
Jewellery
 a - the ring of Lydocr Doubb (right hand) {Fly rElec rC+ Int+5}
   (You found it on level 5 of the Pits of Slime)

   [ring of flight]

   Int+5:     It affects your intelligence (+5).
   rC+:       It protects you from cold.
   rElec:     It insulates you from electricity.
   Fly:       It grants you flight.
 j - a +6 ring of strength (left hand)
 v - a ring of willpower
 L - the amulet "Uled" (around neck) {RegenMP Regen+ Dex+2}
   (You found it on level 5 of the Pits of Slime)

   [amulet of magic regeneration]

   RegenMP:   It increases your rate of magic regeneration.
   Dex+2:     It affects your dexterity (+2).
   Regen+:    It increases your rate of health regeneration.
 Q - the amulet of Gitaop {Faith -Tele rPois rCorr Str+6}
   (You found it on level 5 of the Pits of Slime)

   [amulet of faith]

   Faith:     It allows you to gain divine favour quickly.
   Str+6:     It affects your strength (+6).
   rPois:     It protects you from poison -Tele: It prevents most forms of
   teleportation.
   rCorr:     It protects you from acid and corrosion.
 S - the ring "Zerghecw" {*Slow rF++ rCorr MP+9 Int-5}
   (You found it on level 5 of the Pits of Slime)

   [ring of magical power]

   Int-5:     It affects your intelligence (-5).
   rF++:      It greatly protects you from fire.
   MP+9:      It affects your magic capacity (+9).
   rCorr:     It protects you from acid and corrosion.
   *Slow:     It may slow you when you take damage.
Wands
 b - a wand of mindburst (6)
 d - a wand of charming (20)
 e - a wand of roots (10)
 i - a wand of quicksilver (10)
 A - a wand of flame (13)
Scrolls
 f - a scroll of blinking
 l - a scroll of revelation
 n - 3 scrolls of amnesia
 o - 2 scrolls of poison
 r - 2 scrolls of enchant armour
 w - 2 scrolls of summoning
 E - 3 scrolls of teleportation
 F - 2 scrolls of fog
 N - a scroll of silence
Potions
 p - 2 potions of enlightenment
 q - a potion of might
 x - 2 potions of mutation
 z - 2 potions of brilliance
Miscellaneous
 m - a phantom mirror


   Skills:
 + Level 20.9 Fighting
 + Level 16.5 Maces & Flails
 - Level 10.0 Throwing
 + Level 7.2 Armour
 - Level 2.6 Dodging
 - Level 3.2 Spellcasting
 - Level 2.6 Translocations
 - Level 5.7 Evocations


You had 15 spell levels left.
You knew the following spells:

 Your Spells              Type           Power      Damage    Failure   Level
a - Apportation           Tloc           22%        N/A       12%         1
z - Manifold Assault      Tloc           11%        N/A       75%         4

Your spell library contained the following spells:

 Spells                   Type           Power      Damage    Failure   Level
 Kiss of Death            Conj/Necr      8%         2d6       36%         1
 Necrotise                Necr           8%         1d4       36%         1
 Shock                    Conj/Air       8%         1d3       36%         1
 Sting                    Conj/Alch      8%         1d3       36%         1
 Summon Small Mammal      Summ           8%         N/A       36%         1
 Ensorcelled Hibernation  Hex/Ice        4%         N/A       50%         2
 Mercury Vapours          Alch/Air       4%         N/A       50%         2
 Scorch                   Fire           4%         2d5       50%         2
 Confusing Touch          Hex            2%         N/A       73%         3
 Fugue of the Fallen      Necr           2%         N/A       73%         3
 Inner Flame              Hex/Fire       2%         N/A       73%         3
 Mephitic Cloud           Conj/Alch/Air  2%         N/A       73%         3
 Ozocubu's Armour         Ice            2%         N/A       73%         3
 Passwall                 Erth           2%         N/A       73%         3
 Swiftness                Air            2%         N/A       73%         3
 Tukima's Dance           Hex            2%         N/A       73%         3
 Passage of Golubria      Tloc           11%        N/A       75%         4
 Animate Dead             Necr           2%         N/A       98%         4
 Dispel Undead            Necr           2%         3d7       98%         4
 Flame Wave               Conj/Fire      2%         2d4       98%         4
 Sticky Flame             Fire/Alch      2%         2d4       98%         4
 Summon Blazeheart Golem  Fire/Summ      2%         N/A       98%         4
 Borgnjor's Vile Clutch   Necr/Erth      1%         N/A       100%        5
 Freezing Cloud           Conj/Ice/Air   1%         6-21      100%        5
 Metabolic Englaciation   Hex/Ice        1%         N/A       100%        5
 Yara's Violent Unravell  Hex/Alch       1%         3d3       100%        5
 Bombard                  Conj/Erth      1%         9d1       100%        6
 Death Channel            Necr           1%         N/A       100%        6
 Dispersal                Tloc           5%         N/A       100%        6
 Sculpt Simulacrum        Ice/Alch       1%         N/A       100%        6
 Summon Cactus Giant      Summ           1%         N/A       100%        6
 Orb of Destruction       Conj           1%         9d5       100%        7
 Spellforged Servitor     Conj/Summ      1%         N/A       100%        7
 Borgnjor's Revivificati  Necr           1%         N/A       100%        8
 Disjunction              Tloc           5%         N/A       100%        8
 Infestation              Necr           1%         N/A       100%        8


Dungeon Overview and Level Annotations

Branches:
Dungeon (12/15)            Temple (0/1) D:4            Lair (5/5) D:8
  Swamp (3/4) Lair:3        Snake (2/4) Lair:3        Slime (5/5) Lair:4
    Orc (2/2) D:12            Elf (0/3) Orc:2         IceCv (visited)
Gauntlet (visited)

Altars:
Cheibriados
Dithmenos
Elyvilon
Fedhas
Gozag
Hepliaklqana
Kikubaaqudgha
Nemelex Xobeh
Okawaru
Ru
Sif Muna
Uskayaw
Vehumet
Wu Jian
Xom
Yredelemnul
Zin
The Shining One
Jiyva

Shops:
D:4 [   D:7 :   Orc:2 (([(

Annotations:
D:9 exclusion: ice statue
Lair:4 1 runed translucent door, whatisthis's ghost, journeyman DrCj
Slime:5 Royal Jelly


Innate Abilities, Weirdness & Mutations

You are too large for most types of armour.
You have a pair of small horns on your head.
You have tough skin. (AC +1)
You gain doubled healing and magic from potions.
Whenever you drink a healing potion, you attack all around you.
You have very sharp teeth.
You have large cloven feet.
You are agile. (Dex +4, Str/Int -1)
You are strong-willed. (Will+)
Your muscles are strong. (Str +4, Int/Dex -1)
Your gelatinous body deflects attacks. (AC +3, EV +3)
Armour fits poorly on your massive pseudopods.
You expend magic power (3 MP) to strengthen your wands.


Message History

The guardian serpent coils itself and waves its upper body at you.
The bolt of poison hits you. You resist.
* * * LOW HITPOINT WARNING * * *
The wall burns the naga mage!
The naga mage points at the naga warrior and mumbles some strange words.
The naga warrior's venom grows more potent.
The shock serpent bites you but does no damage.
The wall burns the naga warrior!
The naga warrior loses its grip on you.
The walls burn the naga sharpshooter!
The naga sharpshooter shoots an arrow.
The arrow hits you!
* * * LOW HITPOINT WARNING * * *
The wall burns the naga mage!
The naga mage spits poison at you.
The splash of poison hits you but does no damage.
You resist.
Okay, then.
Unknown command.
Okay, then.
Unknown command.
You take a swig of the potion and twirl your +1 giant spiked club of protection.
You spit the shock serpent like a pig!!!
You kill the shock serpent!
You barely miss the naga warrior. Your headbutt misses the naga warrior.
You bite the naga warrior. You bludgeon the naga warrior.
The naga warrior is severely wounded.
You barely miss the naga sharpshooter. You headbutt the naga sharpshooter!
Your bludgeon misses the naga sharpshooter.
The naga sharpshooter is moderately wounded.
Magic courses through your body.
You feel very sick.
The guardian serpent casts a spell at you.
The mana viper blinks!
The naga mage blinks!
The naga blinks!
The wall burns the naga mage!
The naga mage hits you from afar with a +0 halberd!
* * * LOW HITPOINT WARNING * * *
The walls burn the naga sharpshooter!
The naga sharpshooter mumbles some strange words.
The naga sharpshooter magically shoots an arrow.
The arrow hits you.
You die...

......................
.......................
........................
..................§.....
..............>.........
.......!.)..............
...............N§.......
............###NNN......
..........### ##@NS..§..
.........## ##S......
........## .......
........# #......
.......## ......
....†..# ...... ......##
...... ......# .....
.....##


You could see a naga warrior (curare), a naga sharpshooter (strong), a mana
viper, a guardian serpent, 2 naga magi and a naga (strong, curare, catching
breath).

Vanquished Creatures
  Saint Roka (Orc:2)
  Gastronok (Lair:2)
  An orc warlord (Orc:2)
  A reaper (IceCv)
  An eleionoma (Swamp:1)
  A bunyip (Swamp:1)
  A minotaur (Gauntlet)
  An ettin (Orc:2)
  Snorg (Orc:2)
  4 shambling mangroves
  6 hydras
  A ghost crab (Swamp:2)
  3 two-headed ogres
  2 alligators
  3 catoblepae
  A boulder beetle (Lair:4)
  2 anacondas (Snake:1)
  3 naga warriors (Snake:1)
  A tengu warrior (Gauntlet)
  3 orc high priests (Orc:2)
  A naga sharpshooter (Snake:2)
  3 shock serpents
  A sixfirhy (D:11)
  2 goliath frogs
  4 spriggan druids
  A bog body (Swamp:1)
  A mana viper (Snake:1)
  2 swamp dragons
  A naga ritualist (Snake:1)
  An orc knight (Orc:2)
  Pikel (D:7)
  An oklob plant (Lair:3)
  A cyclops (D:11)
  An ugly thing (D:11)
  A manticore (D:12)
  2 salamanders (Snake:1)
  Maurice (Orc:1)
  An ice statue (IceCv)
  A guardian serpent (Snake:1)
  15 black mambas
  9 elephants
  2 kobold blastminers (Orc:2)
  Joseph (D:7)
  6 cane toads
  4 naga magi
  2 molten gargoyles (Gauntlet)
  3 gargoyles
  A rime drake (Lair:3)
  Jeremiah (D:7)
  A kobold demonologist (D:11)
  2 tengu conjurers (Gauntlet)
  An anaconda simulacrum (IceCv)
  3 komodo dragons
  A polar bear (Lair:3)
  3 tyrant leeches
  2 trolls
  A bloated husk (Swamp:1)
  10 hornets
  A dream sheep (Lair:4)
  13 blink frogs
  A shadow (D:11)
  3 spriggans (Swamp:2)
  A wraith (D:10)
  32 yaks
  4 wyverns
  4 basilisks
  3 steam dragons
  2 vampire mosquitoes (Swamp:2)
  Menkaure (D:5)
  2 death yak simulacra (IceCv)
  12 swamp worms
  A harpy simulacrum (IceCv)
  2 wargs
  An acid dragon (D:8)
  10 nagas
  Duvessa (D:6)
  11 water moccasins
  2 hydra simulacra (IceCv)
  31 orc warriors
  A swamp drake (Swamp:1)
  3 sky beasts
  4 black bears
  3 wolves (Lair:1)
  3 ogres
  6 centaurs
  A phantom (D:4)
  4 lemures (D:7)
  A kobold brigand (D:8)
  A gnoll sergeant (D:6)
  10 bullfrogs
  A scorpion (D:6)
  Blork the orc (D:5)
  3 two-headed ogre simulacra (IceCv)
  4 cane toad simulacra (IceCv)
  Dowan (D:6)
  11 wights
  15 killer bees
  An elephant simulacrum (IceCv)
  2 electric eels
  A bombardier beetle (D:6)
  2 hounds
  2 sleepcaps
  20 orc priests
  A gnoll bouda (D:5)
  Ijyb (D:5)
  An iguana (D:7)
  21 orc wizards
  7 troll simulacra
  4 polar bear simulacra (IceCv)
  6 spriggan simulacra
  2 wolf simulacra (IceCv)
  9 gnolls
  6 adders
  6 naga simulacra (IceCv)
  7 white imps
  13 ufetubi
  3 dart slugs
  3 ribbon worms
  76 orcs
  3 bats (D:1)
  3 giant cockroaches
  7 goblins
  A hobgoblin (D:2)
  10 jackals
  8 kobolds
  2 quokkas (D:2)
  2 ball pythons
  3 frilled lizards (D:3)
  4 rats
581 creatures vanquished.

Vanquished Creatures (collateral kills)
  An orc warrior (Orc:2)
  A kobold brigand (D:11)
  An orc priest (Orc:2)
  3 orcs (Orc:2)
6 creatures vanquished.

Vanquished Creatures (others)
  An acid blob (Slime:4)
  An alligator (Swamp:1)
  2 glowing orange brains (Gauntlet)
  A cane toad (Lair:1)
  A blink frog (Lair:2)
  A slime creature (Swamp:1)
  A naga (Snake:1)
  A black bear (D:5)
  2 orc warriors (Orc:2)
  An ogre (Orc:2)
  A kobold brigand (D:6)
  A gnoll sergeant (D:9)
  A killer bee (D:8)
  A howler monkey (D:6)
  A bombardier beetle (D:6)
  74 jellies
  5 orc priests
  2 iguanas
  3 orc wizards
  4 gnolls
  An adder (D:5)
  A shadow imp (Gauntlet)
  2 ufetubi
  12 orcs
  2 endoplasms (D:4)
  A hobgoblin (D:4)
  6 kobolds (D:6)
  A ball python (D:4)
  2 bats
  5 rats (D:1)
  A butterfly (Lair:4)
139 creatures vanquished.

Grand Total: 726 creatures vanquished

Notes
Turn   | Place    | Note
-------+----------+-------------------------------------------
     0 | D:1      | bobo the Oni Gladiator began the quest for the Orb.
     0 | D:1      | Reached XP level 1. HP: 22/22 MP: 1/1
    40 | D:1      | Reached skill level 3 in Fighting
    55 | D:1      | Reached XP level 2. HP: 23/31 MP: 2/2
    97 | D:1      | You fall into a shaft and drop 1 floor!
   176 | D:2      | Reached XP level 3. HP: 18/37 MP: 3/3
   542 | D:1      | Found a faded altar of an unknown god.
   549 | D:1      | Prayed at the altar of an unknown god.
   549 | D:1      | Became a worshipper of Jiyva Joashok the Shapeless
   549 | D:1      | Reached * piety under Jiyva
   885 | D:2      | Reached ** piety under Jiyva
  1140 | D:3      | Found a blossoming altar of Fedhas.
  1168 | D:3      | Reached skill level 4 in Fighting
  1190 | D:3      | Found an iron altar of Okawaru.
  1205 | D:3      | Reached XP level 4. HP: 48/48 MP: 4/4
  1288 | D:3      | Found a shimmering altar of Xom.
  1288 | D:3      | Found a basalt altar of Yredelemnul.
  1296 | D:3      | Found an ornate altar of the Wu Jian Council.
  1298 | D:3      | Found a sparkling altar of Nemelex Xobeh.
  1300 | D:3      | Found an ancient bone altar of Kikubaaqudgha.
  1324 | D:3      | Reached *** piety under Jiyva
  1425 | D:3      | Gained mutation: Your mind is acute. (Int +4, Str/Dex -1)
                  | [Jiyva's grace]
  1425 | D:3      | Gained mutation: Your mind is very acute. (Int +8, Str/Dex
                  | -2) [Jiyva's grace]
  1425 | D:3      | Gained mutation: Your translucent skin slightly reduces
                  | your foes' accuracy. (Stealth+) [Jiyva's grace]
  1425 | D:3      | Gained mutation: Your translucent skin reduces your foes'
                  | accuracy. (Stealth+) [Jiyva's grace]
  1612 | D:3      | Found a sacrificial altar of Ru.
  1831 | D:4      | Found a staircase to the Ecumenical Temple.
  1892 | D:4      | Reached XP level 5. HP: 39/55 MP: 1/5
  1906 | D:4      | Found Taocyew's Armour Boutique.
  1956 | D:4      | Noticed a steam dragon
  1966 | D:4      | Killed a steam dragon
  1967 | D:4      | Reached skill level 5 in Fighting
  1967 | D:4      | Reached XP level 6. HP: 43/67 MP: 6/6
  2072 | D:4      | Reached skill level 6 in Fighting
  2072 | D:4      | Reached skill level 5 in Maces & Flails
  2240 | D:5      | Entered Level 5 of the Dungeon
  2260 | D:5      | Reached XP level 7. HP: 67/76 MP: 4/7
  2286 | D:5      | Reached skill level 7 in Fighting
  2335 | D:5      | Noticed Ijyb
  2348 | D:5      | Killed Ijyb
  2392 | D:5      | Noticed Menkaure
  2401 | D:5      | Killed Menkaure
  2482 | D:5      | Reached XP level 8. HP: 88/88 MP: 8/8
  2571 | D:5      | Noticed Blork the orc
  2576 | D:5      | Killed Blork the orc
  2695 | D:5      | Reached skill level 8 in Fighting
  2996 | D:5      | Found an opulent altar of Gozag.
  3196 | D:6      | Noticed Dowan
  3218 | D:6      | Killed Dowan
  3219 | D:6      | Reached skill level 9 in Fighting
  3337 | D:6      | Reached skill level 5 in Throwing
  3370 | D:6      | Reached **** piety under Jiyva
  3381 | D:6      | Reached XP level 9. HP: 96/100 MP: 9/9
  3460 | D:6      | Reached skill level 10 in Fighting
  3460 | D:6      | Noticed Duvessa
  3471 | D:6      | Killed Duvessa
  3823 | D:7      | Noticed Jeremiah
  3823 | D:7      | Noticed Joseph
  4078 | D:7      | Found Vutuny's Tremendous Tomes.
  4078 | D:7      | Noticed Pikel
  4193 | D:7      | Lost mutation: Your mind is very acute. (Int +8, Str/Dex
                  | -2) [Jiyva's grace]
  4193 | D:7      | Lost mutation: Your translucent skin reduces your foes'
                  | accuracy. (Stealth+) [Jiyva's grace]
  4193 | D:7      | Gained mutation: You are strong-willed. (Will+) [Jiyva's
                  | grace]
  4193 | D:7      | Gained mutation: You are highly strong-willed. (Will++)
                  | [Jiyva's grace]
  4193 | D:7      | Gained mutation: You are extremely strong-willed. (Will+++)
                  | [Jiyva's grace]
  4193 | D:7      | Gained mutation: You are partially covered in iridescent
                  | scales. (AC +2) [Jiyva's grace]
  4235 | D:7      | Found a shimmering blue altar of Sif Muna.
  4289 | D:7      | Reached skill level 11 in Fighting
  4296 | D:7      | Found a snail-covered altar of Cheibriados.
  4306 | D:7      | Killed Pikel
  4308 | D:7      | Killed Joseph
  4309 | D:7      | Reached XP level 10. HP: 59/115 MP: 10/10
  4580 | D:7      | Killed Jeremiah
  4581 | D:7      | Reached skill level 12 in Fighting
  4752 | D:8      | Found a staircase to the Lair.
  4758 | D:8      | Reached skill level 1 in Evocations
  4834 | D:8      | Reached skill level 10 in Maces & Flails
  4900 | D:9      | Found a radiant altar of Vehumet.
  5135 | D:9      | Noticed an ice statue
  5215 | D:9      | Found a glowing golden altar of the Shining One.
  5316 | D:9      | Noticed a two-headed ogre
  5325 | D:9      | Killed a two-headed ogre
  5326 | D:9      | Reached skill level 13 in Fighting
  5460 | D:9      | Found a glowing silver altar of Zin.
  5617 | D:8      | Found a hazy altar of Hepliaklqana.
  5715 | D:8      | Found a shadowy altar of Dithmenos.
  5997 | Lair:1   | Entered Level 1 of the Lair of Beasts
  6001 | Lair:1   | Reached XP level 11. HP: 106/127 MP: 11/11
  6102 | Lair:1   | Noticed a catoblepas
  6113 | Lair:1   | Killed a catoblepas
  6121 | Lair:1   | Reached skill level 14 in Fighting
  6317 | Lair:1   | Lost mutation: You are extremely strong-willed. (Will+++)
                  | [Jiyva's grace]
  6317 | Lair:1   | Lost mutation: You are highly strong-willed. (Will++)
                  | [Jiyva's grace]
  6317 | Lair:1   | Gained mutation: You have large cloven feet. [Jiyva's
                  | grace]
  6317 | Lair:1   | Gained mutation: You have hoof-like feet. [Jiyva's grace]
  6317 | Lair:1   | Gained mutation: You have hooves in place of feet. [Jiyva's
                  | grace]
  6317 | Lair:1   | Gained mutation: Your body has grown eyes which may confuse
                  | attackers. (Acc +3) [Jiyva's grace]
  6917 | Lair:1   | Identified the +1 scale mail "Eghigogh" {+Inv rElec rF+
                  | Stlth-}
  7137 | Lair:2   | Reached skill level 15 in Fighting
  7141 | Lair:2   | Reached XP level 12. HP: 65/141 MP: 12/12
  7218 | Lair:2   | Noticed a catoblepas
  7227 | Lair:2   | Killed a catoblepas
  7320 | Lair:2   | Found a gate leading to a gauntlet.
  7329 | Gauntlet | Entered a Gauntlet
  7329 | Gauntlet | Found a transporter.
  7329 | Gauntlet | Found a transporter.
  7358 | Gauntlet | Found a transporter.
  7358 | Gauntlet | Found a transporter.
  7361 | Gauntlet | Found a transporter.
  7394 | Gauntlet | Found a transporter.
  7394 | Gauntlet | Found a transporter.
  7396 | Gauntlet | Found a transporter.
  7396 | Gauntlet | Noticed a catoblepas
  7398 | Gauntlet | Found a runed translucent door.
  7406 | Gauntlet | Found a transporter.
  7422 | Gauntlet | Found a transporter.
  7424 | Gauntlet | Found a runed translucent door.
  7429 | Gauntlet | Noticed a quicksilver ooze
  7431 | Gauntlet | Found a transporter.
  7435 | Gauntlet | Found a runed translucent door.
  7435 | Gauntlet | Reached ***** piety under Jiyva
  7449 | Gauntlet | Found a transporter.
  7463 | Gauntlet | Lost mutation: You have hooves in place of feet. [Jiyva's
                  | grace]
  7463 | Gauntlet | Lost mutation: Your body has grown eyes which may confuse
                  | attackers. (Acc +3) [Jiyva's grace]
  7463 | Gauntlet | Gained mutation: You are agile. (Dex +4, Str/Int -1)
                  | [Jiyva's grace]
  7463 | Gauntlet | Gained mutation: You are very agile. (Dex +8, Str/Int -2)
                  | [Jiyva's grace]
  7463 | Gauntlet | Gained mutation: Your mind is very acute. (Int +8, Str/Dex
                  | -2) [Jiyva's grace]
  7463 | Gauntlet | Gained mutation: Your muscles are strong. (Str +4, Int/Dex
                  | -1) [Jiyva's grace]
  7466 | Gauntlet | Found a transporter.
  7470 | Gauntlet | Noticed a tengu warrior
  7480 | Gauntlet | Found a transporter.
  7527 | Gauntlet | Killed a tengu warrior
  7588 | Gauntlet | Killed a catoblepas
  7599 | Gauntlet | Identified the +1 cloak of Hangman {rPois Int+2}
  7622 | Gauntlet | Noticed a minotaur
  7630 | Gauntlet | Killed a minotaur
  7640 | Gauntlet | Got the Compendium of Chilly Blasts
  7845 | Lair:2   | Reached skill level 16 in Fighting
  7889 | Lair:2   | Found the +8 demon blade "Leech" {evervamp, Harm ^Drain
                  | rN+}
  7949 | Lair:2   | Noticed Gastronok
  7962 | Lair:2   | Killed Gastronok
  7963 | Lair:2   | Reached skill level 5 in Evocations
  8029 | Lair:2   | Noticed a six-headed hydra
  8037 | Lair:2   | Killed a six-headed hydra
  8139 | Lair:2   | Identified the +5 ring mail "Perph" {rF+ rN+ Int+2}
  8610 | Lair:3   | Found a staircase to the Snake Pit.
  8651 | Lair:3   | Reached XP level 13. HP: 154/154 MP: 13/13
  8691 | Lair:3   | Reached skill level 17 in Fighting
  9354 | Lair:3   | Found a staircase to the Swamp.
  9633 | Lair:4   | Learned a level 1 spell: Apportation
  9637 | Lair:4   | Found an ornate altar of the Wu Jian Council.
  9638 | Lair:4   | Found a hide-covered altar of Uskayaw.
  9742 | Lair:4   | Reached skill level 1 in Spellcasting
  9943 | Lair:4   | Reached skill level 1 in Translocations
  9951 | Lair:4   | Found a runed translucent door.
  9957 | Lair:4   | Learned a level 4 spell: Manifold Assault
  9960 | Lair:4   | Noticed whatisthis's ghost (journeyman DrCj)
 10141 | Lair:4   | Found a staircase to the Slime Pits.
 10142 | Lair:4   | Found a viscous altar of Jiyva.
 10382 | Lair:5   | Entered Level 5 of the Lair of Beasts
 10382 | Lair:5   | Lost mutation: You are partially covered in iridescent
                  | scales. (AC +2) [Jiyva's grace]
 10382 | Lair:5   | Lost mutation: Your translucent skin slightly reduces your
                  | foes' accuracy. (Stealth+) [Jiyva's grace]
 10382 | Lair:5   | Gained mutation: You are somewhat resistant to further
                  | mutation. [Jiyva's grace]
 10382 | Lair:5   | Gained mutation: You are somewhat resistant to both further
                  | mutation and mutation removal. [Jiyva's grace]
 10382 | Lair:5   | Gained mutation: You are almost entirely resistant to
                  | further mutation and mutation removal. [Jiyva's grace]
 10382 | Lair:5   | Gained mutation: You are covered in slimy tendrils that may
                  | disarm your opponents. [Jiyva's grace]
 10565 | D:10     | Entered Level 10 of the Dungeon
 10749 | D:10     | Reached skill level 10 in Throwing
 10804 | D:10     | Identified the +1 hand axe of the Apocalypse {heavy, *Rage
                  | rElec Str+5}
 11128 | D:11     | Found a runed translucent door.
 11272 | D:11     | Reached skill level 18 in Fighting
 11553 | D:11     | Found a frozen archway.
 11572 | IceCv    | Entered an ice cave
 11660 | IceCv    | Reached ****** piety under Jiyva
 11689 | IceCv    | Lost mutation: You are very agile. (Dex +8, Str/Int -2)
                  | [Jiyva's grace]
 11689 | IceCv    | Lost mutation: Your mind is very acute. (Int +8, Str/Dex
                  | -2) [Jiyva's grace]
 11689 | IceCv    | Lost mutation: You are almost entirely resistant to further
                  | mutation and mutation removal. [Jiyva's grace]
 11689 | IceCv    | Lost mutation: You are covered in slimy tendrils that may
                  | disarm your opponents. [Jiyva's grace]
 11689 | IceCv    | Gained mutation: Your rubbery body absorbs attacks. (AC +1,
                  | EV +1) [Jiyva's grace]
 11689 | IceCv    | Gained mutation: Your pliable body absorbs attacks. (AC +2,
                  | EV +2) [Jiyva's grace]
 11689 | IceCv    | Gained mutation: Your gelatinous body deflects attacks. (AC
                  | +3, EV +3) [Jiyva's grace]
 11689 | IceCv    | Gained mutation: You are very agile. (Dex +8, Str/Int -2)
                  | [Jiyva's grace]
 12021 | IceCv    | Noticed a reaper
 12026 | IceCv    | Killed a reaper
 12661 | D:12     | Reached XP level 14. HP: 151/170 MP: 18/18
 12889 | D:12     | Found a staircase to the Orcish Mines.
 13143 | Slime:1  | Entered Level 1 of the Pits of Slime
 13143 | Slime:1  | Noticed an acid blob
 13150 | Slime:2  | Noticed a rockslime
 13150 | Slime:2  | Noticed a quicksilver ooze
 13188 | Slime:4  | Noticed an acid blob
 13250 | Slime:5  | Entered Level 5 of the Pits of Slime
 13257 | Slime:5  | Noticed an acid blob
 13264 | Slime:5  | Noticed an azure jelly
 13264 | Slime:5  | Noticed an acid blob
 13267 | Slime:5  | Noticed an acid blob
 13267 | Slime:5  | Noticed a rockslime
 13270 | Slime:5  | Noticed an acid blob
 13278 | Slime:5  | Noticed an acid blob
 13279 | Slime:5  | Noticed a formless jellyfish
 13279 | Slime:5  | Noticed a quicksilver ooze
 13280 | Slime:5  | Noticed an acid blob
 13280 | Slime:5  | Noticed a rockslime
 13281 | Slime:5  | Noticed a quicksilver ooze
 13281 | Slime:5  | Noticed an acid blob
 13282 | Slime:5  | Noticed an acid blob
 13283 | Slime:5  | Noticed a rockslime
 13291 | Slime:5  | Noticed a quicksilver ooze
 13292 | Slime:5  | Noticed a quicksilver ooze
 13299 | Slime:5  | Noticed an acid blob
 13355 | Slime:5  | Noticed a rockslime
 13373 | Slime:5  | Noticed an azure jelly
 13397 | Slime:5  | Noticed an acid blob
 13501 | Slime:5  | Noticed an acid blob
 13534 | Slime:5  | Noticed an acid blob
 13535 | Slime:5  | Noticed an acid blob
 13545 | Slime:5  | Noticed the Royal Jelly
 13556 | Slime:5  | Found a viscous altar of Jiyva.
 13565 | Slime:5  | Noticed an acid blob
 13572 | Slime:5  | Got a starry gem with 173 turns to spare
 13574 | Slime:5  | Identified the staff "Zawatoes" {rF+ rN+ SInv Fire}
 13576 | Slime:5  | Got a slimy rune of Zot
 13577 | Slime:5  | Identified the ring of Lydocr Doubb {Fly rElec rC+ Int+5}
 13582 | Slime:5  | Identified the amulet "Uled" {RegenMP Regen+ Dex+2}
 13584 | Slime:5  | Identified the amulet of Gitaop {Faith -Tele rPois rCorr
                  | Str+6}
 13593 | Slime:5  | Identified the +0 triple sword of Equilibrium {holy, rPois
                  | rF- rCorr Dex+2}
 13594 | Slime:5  | Identified the +1 falchion "Uqut" {heavy, rPois Int+3}
 13597 | Slime:5  | Identified the ring "Zerghecw" {*Slow rF++ rCorr MP+9
                  | Int-5}
 13687 | Slime:4  | Killed an acid blob
 13712 | Slime:3  | Noticed a formless jellyfish
 13950 | Orc:1    | Entered Level 1 of the Orcish Mines
 13953 | Orc:1    | Noticed Maurice
 13956 | Orc:1    | Something stole the ring "Zerghecw" {*Slow rF++ rCorr MP+9
                  | Int-5}
 13958 | Orc:1    | Killed Maurice
 13959 | Orc:1    | Reached skill level 1 in Armour
 14092 | Orc:2    | Entered Level 2 of the Orcish Mines
 14121 | Orc:2    | Noticed Saint Roka
 14125 | Orc:2    | Noticed Snorg
 14144 | Orc:2    | Killed Snorg
 14226 | Orc:2    | Killed Saint Roka
 14241 | Orc:2    | Reached skill level 15 in Maces & Flails
 14279 | Orc:2    | Found Qijom's Antique Weapon Boutique.
 14401 | Orc:2    | Lost mutation: You are very agile. (Dex +8, Str/Int -2)
                  | [Jiyva's grace]
 14401 | Orc:2    | Lost mutation: Your mind is acute. (Int +4, Str/Dex -1)
                  | [Jiyva's grace]
 14401 | Orc:2    | Lost mutation: Your gelatinous body deflects attacks. (AC
                  | +3, EV +3) [Jiyva's grace]
 14401 | Orc:2    | Gained mutation: You have supernaturally acute eyesight.
                  | (SInv) [Jiyva's grace]
 14401 | Orc:2    | Gained mutation: Your gelatinous body deflects attacks. (AC
                  | +3, EV +3) [Jiyva's grace]
 14401 | Orc:2    | Gained mutation: You have very sharp teeth. [Jiyva's grace]
 14401 | Orc:2    | Gained mutation: You have extremely sharp teeth. [Jiyva's
                  | grace]
 14432 | Orc:2    | Reached skill level 19 in Fighting
 14465 | Orc:2    | HP: 4/172 [ettin/+2 dire flail of protection (25)]
 14636 | Orc:2    | Noticed an orc warlord
 14656 | Orc:2    | Killed an orc warlord
 14712 | Orc:2    | Found Ydadopong's Antique Weapon Emporium.
 14719 | Orc:2    | Found Xugeolupp's Antique Armour Shoppe.
 14865 | Orc:2    | Found Konkaul's Antique Weapon Emporium.
 14946 | Orc:2    | Found a staircase to the Elven Halls.
 15609 | Swamp:1  | Entered Level 1 of the Swamp
 15754 | Swamp:1  | Noticed an eleionoma
 15763 | Swamp:1  | Killed an eleionoma
 15771 | Swamp:1  | Got Wil Miuc's Papyrus of Debased Secrets
 15852 | Swamp:1  | a goliath frog changed into an acid blob
 15852 | Swamp:1  | Noticed an acid blob
 16083 | Swamp:1  | Found a white marble altar of Elyvilon.
 16392 | Swamp:2  | Reached skill level 5 in Armour
 16479 | Swamp:2  | Reached XP level 15. HP: 108/183 MP: 19/19
 16522 | Swamp:2  | Reached skill level 20 in Fighting
 16545 | Swamp:2  | Identified the +9 war axe of Quetwun {heavy, rF+ rN+ Int+3}
 17093 | Snake:1  | Entered Level 1 of the Snake Pit
 17440 | Snake:1  | Lost mutation: You have extremely sharp teeth. [Jiyva's
                  | grace]
 17440 | Snake:1  | Lost mutation: You have hoof-like feet. [Jiyva's grace]
 17440 | Snake:1  | Lost mutation: You have supernaturally acute eyesight.
                  | (SInv) [Jiyva's grace]
 17440 | Snake:1  | Lost mutation: You are somewhat resistant to both further
                  | mutation and mutation removal. [Jiyva's grace]
 17440 | Snake:1  | Lost mutation: You are somewhat resistant to further
                  | mutation. [Jiyva's grace]
 17440 | Snake:1  | Gained mutation: Armour fits poorly on your pseudopods.
                  | [Jiyva's grace]
 17440 | Snake:1  | Gained mutation: Armour fits poorly on your large
                  | pseudopods. [Jiyva's grace]
 17440 | Snake:1  | Gained mutation: Armour fits poorly on your massive
                  | pseudopods. [Jiyva's grace]
 17440 | Snake:1  | Gained mutation: You expend magic power (3 MP) to
                  | strengthen your wands. [Jiyva's grace]
 18426 | Snake:2  | HP: 3/185 [naga mage/+0 halberd (7)]
 18426 | Snake:2  | Shot with an arrow by a naga sharpshooter

Illustrated notes

Levels and vault maps discovered:
D:1:      dpeg_arrival_ratfight, layout_rooms,
          dreamdust_ecumenical_altar_hidden_monk_grotto
D:2:      layout_rooms, minmay_split_cup_small
D:3:      layout_basic, mainiacjoe_overflow_cross_hatched,
          fedhas_altar_fruit_tree, mainiacjoe_overflow_24_doors,
          chequers_temple_overflow_minitemple, minmay_unequal
D:4:      layout_rooms, minmay_temple_entry_glassed_door, serial_shops, shop
D:5:      layout_loops_ring, nicolae_gozag_seed_capital, uniq_blork_the_orc,
          uniq_ijyb, uniq_menkaure
D:6:      layout_rooms, uniq_duvessa
D:7:      layout_cave_pools, lemuel_blue_sif_altar, kennysheep_slug_shrine,
          nicolae_shop_i_like_big_books, kb_lookout_dungeons_type,
          uniq_jeremiah, uniq_joseph, uniq_pikel, uniq_crazy_yiuf_cottage
D:8:      layout_rooms, nicolae_hepliaklqana_hazy_memory,
          grunt_dithmenos_smoke_and_mirrors, david_lair_generic, serial_glass,
          glass_columns_a, glass_columns_a, feat_on_display, water_maze_lemuel
D:9:      lemuel_ice_statue, layout_loops_ring, nicolae_overflow_hidden_temple,
          vehumet_crystals, zin_statuary
D:10:     layout_small_grid, grunt_ministairs_4
D:11:     cheibrodos_shockbox, layout_stronghold,
          portal_ice_cave_entry_ice_simulacra
D:12:     layout_irregular_city, orc_0_dummy
Lair:1:   layout_concentric_octagons
Lair:2:   layout_cellular_growth, gauntlet_entry_generic,
          dreamdust_deal_with_the_devil, serial_bayou_shore_a, uniq_gastronok
Lair:3:   layout_roguey, mainiacjoe_swamp_entry_angry_trees,
          minmay_snake_entry_guardpost_small, serial_rivers,
          chequers_serial_rivers_micro_d, chequers_serial_rivers_micro_b,
          chequers_serial_rivers_micro_c, chequers_serial_rivers_micro_c,
          chequers_serial_rivers_micro_c, serial_bayou_shore_b
Lair:4:   layout_hall_layers, dpeg_slime_entry_corner,
          ebering_ghost_reflecting_pool, nzn_masters_of_martial_movement,
          infiniplex_staircase_pool, lemuel_fruit_fields
Lair:5:   evil_forest, layout_cave_shapes, lemuel_fruit_fields
Swamp:1:  layout_falls_marsh, evilmike_swamp_ruin_house_1,
          nicolae_swamp_godswood, swamp_pool_1_2
Swamp:2:  layout_falls_marsh, evilmike_swamp_ruin_rubble_1,
          nicolae_swamp_hydra_murder_den
Swamp:3:  layout_falls_marsh, evilmike_swamp_ruin_house_6
Snake:1:  layout_chambers, grunt_megastairs_5
Snake:2:  layout_onion
Slime:1:  layout_caves, nicolae_slime_barrier,
          cheibrodos_slime_lost_civilization_7
Slime:2:  layout_caves
Slime:3:  layout_caves
Slime:4:  layout_caves, nicolae_slime_getting_an_eyeful, uniq_donald
Slime:5:  slime_pit_nicolae_royal_road_to_ruin
Orc:1:    layout_caves, nicolae_orc_crystal_seam, regret_index_xom_of_box,
          uniq_maurice
Orc:2:    grunt_orc_community_town_hall, layout_caves,
          grunt_orc_community_big_house_2, grunt_orc_community_big_house_1,
          grunt_orc_community_house_2, grunt_orc_community_house_3,
          grunt_orc_community_house_1, grunt_orc_community_house_1,
          grunt_orc_community_house_1, grunt_orc_community_house_1,
          uniq_saint_roka, uniq_snorg

Skill      XL: |  1  2  3  4  5  6  7  8  9 10 11 12 13 14 15 |
---------------+----------------------------------------------+-----
Fighting       | 3 4 5 6 7 9 11 13 15 16 18 19 20 | 20.9
Maces & Flails | 4 5 6 7 9 10 12 13 14 15 16 | 16.5
Throwing       | 3 4 5 6 7 8 9 10 | 10.0
Evocations     | 2 4 5 |  5.7
Spellcasting   | 3 |  3.2
Translocations | 2 |  2.6
Armour         | 5 7 |  7.2
Dodging        | |  2.6

Action                     |  1- 3 |  4- 6 |  7- 9 | 10-12 | 13-15 || total
---------------------------+-------+-------+-------+-------+-------++-------
  Melee: Flail             |    82 |   101 |    22 |       |       ||   205
         Headbutt          |     8 |    21 |    37 |    52 |   150 ||   268
         Punch             |       |     1 |       |       |       ||     1
         Giant spiked club |       |       |   191 |   247 |   731 ||  1169
         Kick              |       |       |       |    52 |   246 ||   298
         Bite              |       |       |       |       |    43 ||    43
         Pseudopods        |       |       |       |       |     9 ||     9
  Throw: Dart              |       |     3 |    13 |    37 |     9 ||    62
         Boomerang         |       |       |    39 |    39 |   184 ||   262
         Throwing net      |       |       |     5 |       |       ||     5
         Large rock        |       |       |     1 |       |    11 ||    12
   Cast: Apportation       |       |       |       |       |    10 ||    10
 Invoke: Oozemancy         |       |     2 |     4 |     6 |     4 ||    16
         Slimify           |       |       |       |       |     5 ||     5
  Evoke: Wand              |       |       |     5 |     3 |    47 ||    55
    Use: Scroll            |       |       |    15 |     6 |    11 ||    32
         Potion            |       |       |     2 |     3 |    15 ||    20
   Stab: Sleeping          |       |     3 |     4 |     2 |     2 ||    11
         Held in net/web   |       |       |     1 |       |       ||     1
         Distracted        |       |       |       |       |     2 ||     2
 Armour: Robe              |    94 |    64 |   246 |   279 |   240 ||   923
         Ice dragon scales |       |       |       |       |   589 ||   589
         Skin              |       |       |       |       |     1 ||     1
  Dodge: Dodged            |    64 |    55 |   178 |   163 |   483 ||   943
  Block: Other             |       |       |       |    17 |    63 ||    80
         Reflection        |       |       |       |       |     3 ||     3

Table legend: (Time is in decaauts)
 A = Elapsed time spent in this place.
 B = Non-inter-level travel time spent in this place.
 C = Inter-level travel time spent in this place.
 D = Time resting spent in this place.
 E = Time spent auto-exploring this place.
 F = Levels seen in this place.
 G = Mean time per level.
                   A        B        C        D        E       F      G
               +--------+--------+--------+--------+--------+-----+--------+
         Total |  18610 |  17083 |   1527 |    861 |  10764 |  31 |  600.3 |
       Dungeon |   8389 |   7676 |    713 |     38 |   5373 |  12 |  699.1 |
          Lair |   4363 |   3801 |    562 |     68 |   2603 |   5 |  872.6 |
         Swamp |   1444 |   1380 |     64 |    240 |    771 |   3 |  481.3 |
     Snake Pit |   1325 |   1295 |     30 |      0 |   1067 |   2 |  662.5 |
    Slime Pits |    593 |    489 |    104 |      0 |    312 |   5 |  118.6 |
  Orcish Mines |   1477 |   1425 |     52 |    340 |    592 |   2 |  738.5 |
      Ice Cave |    533 |    533 |      0 |     48 |      0 |   1 |  533.0 |
      Gauntlet |    483 |    483 |      0 |    127 |     45 |   1 |  483.0 |
               +--------+--------+--------+--------+--------+-----+--------+

Top non-repeatable levels by time:
   Orc:2: 1285 daAuts
 Snake:1: 1230 daAuts
  Lair:1: 1191 daAuts
  Lair:3: 1131 daAuts
  Lair:2: 1064 daAuts
    D:11: 1060 daAuts
  Lair:4: 964 daAuts
     D:5: 962 daAuts
     D:7: 864 daAuts
     D:9: 789 daAuts
 Swamp:2: 754 daAuts
     D:6: 714 daAuts
     D:8: 710 daAuts
 Swamp:1: 605 daAuts
     D:2: 603 daAuts
